 Dungeon Crawl Stone Soup version 0.28-a0-1184-g53156a8862 (webtiles) character file.

Game seed: 7309738955375731184

189296 miscthings the Fighter (level 18, -10/189 (205) HPs)
             Began as an Ogre Fire Elementalist on Dec 18, 2021.
             Was a High Priest of Ashenzari.
             Killed from afar by a deep elf death mage (28 damage)
             ... with a bolt of negative energy
             ... on level 3 of the Elven Halls.
             The game lasted 01:50:09 (26346 turns).

miscthings the Fighter (Ogre Fire Elementalist)    Turns: 26346, Time: 01:50:10

HP:   -10/189 (205) AC: 14    Str: 17    XL:     18   Next: 57%
MP:   11/33         EV: 11    Int: 20    God:    Ashenzari [*****.]
Gold: 461           SH: 28    Dex: 11    Spells: 12/47 levels left

rFire   + . .      SeeInvis +   u - +9 eveningstar (vamp)
rCold   . . .      Faith    .   O - +18 shield of the Gong {rElec rN+ Will+ EV-5, Elem, Self} (curse)
rNeg    + . .      Spirit   .   J - +2 troll leather armour "Bound Sorrow" {Regen+, Cun, Alch} (curse)
rPois   +          Reflect  .   R - +2 hat of the Shattered Augur {Self, Comp} (curse)
rElec   +          Harm     .   E - +2 cloak of the All-seeing Comet {Cun, Bglg} (curse)
rCorr   +          Rampage  .   (gloves unavailable)
Will    +++++      Clarity  +   (boots unavailable)
Stlth   +++.......              t - amulet of the Circumscribed Omen {rPois Will+ Regen+ rCorr, Alch, Melee} (curse)
HPRegen 0.00/turn               M - ring "Bound Together" {rPois rC+ Will+, Elem, Cun} (curse)
MPRegen 0.23/turn               G - ring "the Ego of Ashenzari" {Fire, Cun, Elem} (curse)

@: about to teleport, inhibited regen, drained
A: large, unfitting armour, tough skin 1, iridescent scales 1, agile 1, berserk
1, low mp 1, strong-willed 1, inhibited regeneration, weak 1, sturdy frame 2
a: Renounce Religion, Curse Item, Shatter the Chains


You were on level 3 of the Elven Halls.
You worshipped Ashenzari.
Ashenzari was extremely pleased with you.
You visited 5 branches of the dungeon, and saw 27 of its levels.
You visited 1 bazaar.
You also visited: Sewer.

You collected 3905 gold pieces.
You spent 3444 gold pieces at shops.

Inventory:

Hand Weapons
 n - the +9 falchion "Hiogg" {elec, Str+6 Int+7}
   (You found it on level 13 of the Dungeon)

   It occasionally discharges a powerful burst of electricity upon striking a
   foe.
   Str:       It affects your strength (+6).
   Int:       It affects your intelligence (+7).
 u - a +9 vampiric eveningstar (weapon)
Missiles
 c - a curare-tipped dart (quivered)
 Q - 3 throwing nets
Armour
 E - the cursed +2 cloak of the All-seeing Comet (worn) {Cun, Bglg}
   (You took it off Crazy Yiuf on level 6 of the Dungeon)

   It has a curse which improves the following skills: Cunning: Dodging and
   Stealth.
   Beguiling: Conjurations, Hexes and Translocations.
 J - the cursed +2 troll leather armour "Bound Sorrow" (worn) {Regen+, Cun, Alch}
   (You found it on level 9 of the Dungeon)

   Regen:     It increases your rate of health regeneration.
   It has a curse which improves the following skills: Cunning: Dodging and
   Stealth.
   Alchemy:   Poison Magic and Transmutations.
 O - the cursed +18 shield of the Gong (worn) {rElec rN+ Will+ EV-5, Elem, Self}
   (You bought it in a shop on level 2 of the Orcish Mines)

   It is deafeningly noisy when blocking attacks.
   EV:        It affects your evasion (-5).
   rElec:     It insulates you from electricity.
   rN:        It protects you from negative energy.
   Will:      It increases your willpower.
   It has a curse which improves the following skills: Elements: Fire Magic, Ice
   Magic, Air Magic and Earth Magic.
   Introspection: Fighting and Spellcasting.
 R - the cursed +2 hat of the Shattered Augur (worn) {Self, Comp}
   (You took it off Gastronok on level 3 of the Lair of Beasts)

   It has a curse which improves the following skills: Introspection: Fighting
   and Spellcasting.
   Companions: Summonings and Necromancy.
 Y - +0 fire dragon scales
Magical Staves
 i - a staff of death
 o - a staff of air
 X - a staff of cold
Jewellery
 t - the cursed amulet of the Circumscribed Omen (around neck) {rPois Will+ Regen+ rCorr, Alch, Melee}
   (You acquired it on level 9 of the Dungeon)

   [amulet of regeneration]

   rPois:     It protects you from poison.
   Regen:     It increases your rate of health regeneration.
   rCorr:     It protects you from acid and corrosion.
   Will:      It increases your willpower.
   It has a curse which improves the following skills: Alchemy: Poison Magic and
   Transmutations.
   Melee Combat: Short Blades, Long Blades, Axes, Maces & Flails, Polearms,
   Staves and Unarmed Combat.
 G - the cursed ring "the Ego of Ashenzari" (right hand) {Fire, Cun, Elem}
   (You found it on level 7 of the Dungeon)

   [ring of fire]

   It enhances your fire magic.
   rF:        It protects you from fire.
   rC:        It makes you vulnerable to cold.
   It has a curse which improves the following skills: Cunning: Dodging and
   Stealth.
   Elements:  Fire Magic, Ice Magic, Air Magic and Earth Magic.
 M - the cursed ring "Bound Together" (left hand) {rPois rC+ Will+, Elem, Cun}
   (You bought it in a shop on level 4 of the Dungeon)

   [ring of willpower]

   rC:        It protects you from cold.
   rPois:     It protects you from poison.
   Will:      It increases your willpower.
   It has a curse which improves the following skills: Elements: Fire Magic, Ice
   Magic, Air Magic and Earth Magic.
   Cunning:   Dodging and Stealth.
 W - the ring "Poerchaal" {rF- rN+ rCorr Int+4 SInv}
   (You found it on level 6 of the Lair of Beasts)

   [ring of positive energy]

   Int:       It affects your intelligence (+4).
   rF:        It makes you vulnerable to fire.
   rN:        It protects you from negative energy.
   SInv:      It lets you see invisible.
   rCorr:     It protects you from acid and corrosion.
Wands
 f - a wand of iceblast (13)
 r - a wand of flame (23)
 C - a wand of mindburst (3)
 H - a wand of polymorph (12)
 I - a wand of charming (3)
 L - a wand of digging (10)
 S - a wand of paralysis (2)
Scrolls
 a - 4 scrolls of fog
 d - 2 scrolls of magic mapping
 p - a scroll of holy word
 q - 8 scrolls of teleportation
 s - 5 scrolls of blinking
 w - 6 scrolls of vulnerability
 A - 3 scrolls of immolation
 T - 2 scrolls of enchant armour
 U - 2 scrolls of summoning
Potions
 b - 2 potions of attraction
 g - a potion of invisibility
 h - a potion of heal wounds
 j - 3 potions of cancellation
 l - 12 potions of lignification
 m - a potion of haste
 v - 7 potions of resistance
 x - a potion of mutation
 z - a potion of magic
 B - 6 potions of flight
 D - 4 potions of brilliance
 N - 4 potions of curing
 P - 5 potions of ambrosia
 Z - a potion of might
Miscellaneous
 e - a phantom mirror


   Skills:
 - Level 14.5(18.6) Fighting
 + Level 12.4(15.0) Maces & Flails
 - Level 2.7 Throwing
 - Level 3.2 Armour
 - Level 10.7(17.3) Dodging
 - Level 1.4(5.3) Stealth
 - Level 8.5 Shields
 - Level 11.3(15.4) Spellcasting
 - Level 6.1(8.9) Conjurations
 - Level 8.2(10.9) Necromancy
 - Level 2.6(5.9) Transmutations
 - Level 12.7(18.2) Fire Magic
 - Level 3.1(7.5) Earth Magic
 - Level 9.6 Evocations


You had 12 spell levels left.
You knew the following spells:

 Your Spells              Type           Power      Damage    Failure   Level
a - Scorch                Fire           100%       2d10      0%          2
b - Necromutation         Tmut/Necr      24%        N/A       100%        8
c - Conjure Flame         Conj/Fire      81%        6-21      1%          3
d - Inner Flame           Hex/Fire       68%        N/A       1%          3
e - Flame Wave            Conj/Fire      81%        2d12      1%          4
p - Death's Door          Necr           28%        N/A       100%        9
x - Borgnjor's Vile Clut  Necr/Erth      25%        N/A       2%          5
z - Foxfire               Conj/Fire      100%       2x1d9     0%          1

Your spell library contained the following spells:

 Spells                   Type           Power      Damage    Failure   Level
 Magic Dart               Conj           100%       1d8       1%          1
 Sandblast                Erth           90%        2d19      1%          1
 Passwall                 Tmut/Erth      35%        N/A       1%          2
 Searing Ray              Conj           100%       2d8       1%          2
 Stone Arrow              Conj/Erth      96%        3d13      1%          3
 Animate Dead             Necr           28%        N/A       1%          4
 Fulminant Prism          Conj/Hex       16%        3d11      7%          4
 Death Channel            Necr           28%        N/A       8%          6
 Animate Armour           Summ/Erth      62%        N/A       9%          4
 Swiftness                Air            18%        N/A       10%         3
 Gell's Gravitas          Tloc           16%        N/A       12%         3
 Lesser Beckoning         Tloc           16%        N/A       12%         3
 Teleport Other           Tloc           16%        N/A       12%         3
 Tukima's Dance           Hex            16%        N/A       12%         3
 Yara's Violent Unravell  Hex/Tmut       13%        3d7       34%         5
 Cause Fear               Hex            8%         N/A       36%         4
 Passage of Golubria      Tloc           16%        N/A       36%         4
 Borgnjor's Revivificati  Necr           28%        N/A       97%         8
 Dispersal                Tloc           8%         N/A       99%         6
 Discord                  Hex            8%         N/A       100%        8
 Lehudib's Crystal Spear  Conj/Erth      24%        10d7      100%        8
 Chain Lightning          Conj/Air       17%        3d22      100%        9
 Fire Storm               Conj/Fire      40%        8d10      100%        9
 Shatter                  Erth           22%        3d20*     100%        9


Dungeon Overview and Level Annotations

Branches:
Dungeon (15/15)            Temple (1/1) D:5            Lair (6/6) D:9
 Shoals (0/4) Lair:3       Spider (0/4) Lair:3        Slime (0/5) Lair:5
    Orc (2/2) D:12            Elf (3/3) Orc:2        Vaults (0/5) D:13
 Depths (0/4) D:15          Sewer (visited)

Altars:
Ashenzari
Cheibriados
Dithmenos
Elyvilon
Fedhas
Gozag
Hepliaklqana
Kikubaaqudgha
Makhleb
Nemelex Xobeh
Okawaru
Qazlal
Ru
Sif Muna
Trog
Uskayaw
Vehumet
Wu Jian
Xom
Yredelemnul
Zin
The Shining One
Beogh

Shops:
D:4 [[=[=   D:9 [   D:10 :   D:11 *   D:12 ((=   D:13 !   Orc:1 (   Orc:2 ([*=

Annotations:
D:7 1 runed translucent door


Innate Abilities, Weirdness & Mutations

You are too large for most types of armour.
You have tough skin. (AC +1)
You are partially covered in iridescent scales. (AC +2)
You are agile. (Dex +2)
You tend to lose your temper in combat.
Your magical capacity is low. (-10% MP)
You are strong-willed. (Will+)
You do not regenerate when monsters are visible.
You are weak. (Str -2)
Your movements are less encumbered by armour. (ER -4)


Message History

The deep elf death mage is attracted toward you.
The deep elf high priest is attracted toward you.
The deep elf master archer is attracted toward you.
You feel sick.
The deep elf death mage is attracted toward you.
The deep elf high priest is attracted toward you.
The deep elf master archer is attracted toward you.
Items here: )) ††.
You feel sick.
You are no longer poisoned.
You block the deep elf death mage's attack.
The deep elf death mage is attracted toward you.
The deep elf death mage hits you but does no damage.
The deep elf death mage is attracted toward you.
The deep elf high priest is attracted toward you.
The deep elf death mage is attracted toward you.
The deep elf high priest is attracted toward you.
You block the deep elf death mage's attack.
The deep elf death mage is attracted toward you.
The deep elf high priest is attracted toward you.
The deep elf death mage gestures at you while chanting.
The bolt of negative energy hits you!! You partially resist.
You feel drained.
* * * LOW HITPOINT WARNING * * *
The deep elf death mage is attracted toward you.
The deep elf high priest is attracted toward you.
Your magical effects are unravelling.
You feel magically purged.
You feel yourself slow down.
You feel a little less mighty now.
Your hearing returns.
You feel less attractive to monsters.
Okay, then.
As you read the scroll of teleportation, it crumbles to dust.
You feel strangely unstable.
The deep elf death mage seems less brilliant.
The deep elf death mage beckons forth a restless soul!
The deep elf death mage is empowered by the deep elf high priest's aura!
Okay, then.
The deep elf death mage casts a spell at you.
The bolt of negative energy hits you!! You partially resist.
You feel drained.
You die...

#....<..##..###..###......).....
#.......'...###..####.).........
#.......'...###..########.......
##.....####......########.......
###...#####.ee.*.## #####.......
####.######§###e### ####..)..#
###.....###{###e### #####)..##
##......###{###.### ####.)...#
#.......###§###@### ###.......
#.......###{###.### ####.......
#.......##.{###.### ####...(...
##########.######## #####)##....
###{#### ####)###.... * {.{{###
#####.####### , ...# ####.#####
, , .4.. ** ####.#### # **
,,,.....{,,,, *###.##### #


You could see a deep elf death mage (empowered), a deep elf high priest
(brilliance aura) and a lost soul (summoned).

Vanquished Creatures
  2 deep elf master archers (Elf:3)
  Gastronok (Lair:3)
  5 deep elf sorcerers (Elf:3)
  An orc warlord (Orc:2)
  3 deep elf elementalists (Elf:3)
  A stone giant (D:15)
  2 deep elf demonologists (Elf:3)
  9 deep elf annihilators
  6 deep elf death magi
  The ghost of bronco the Thaumaturge, a journeyman GrNe of Kikubaaqudgha (D:11)
  A fire dragon (Lair:6)
  3 deep elf high priests (Elf:3)
  9 hydras
  A boulder beetle (Lair:2)
  Erolcha (D:10)
  Fannar (Orc:1)
  3 centaur warriors
  3 catoblepae
  A two-headed ogre (D:13)
  22 dancing weapons
  A death knight (D:14)
  A tengu warrior (D:15)
  6 death yaks
  5 orc high priests
  20 deep elf knights
  The ghost of HuGe the Protected, a novice MiBe of Trog (Lair:1)
  5 skeletal warriors
  3 orc knights (Orc:2)
  13 deep elf archers
  2 lindwurms (Lair:6)
  7 wizards (D:13)
  37 deep elf pyromancers
  39 deep elf zephyrmancers
  6 ugly things (D:14)
  4 orc sorcerers
  5 oklob plants
  3 merfolk sirens (Lair:3)
  4 manticores
  10 black mambas
  2 moths of wrath (Lair:1)
  5 elephants
  A gargoyle (D:11)
  2 molten gargoyles (Lair:6)
  A torpor snail (Lair:6)
  Psyche (D:10)
  10 cane toads
  A yaktaur (D:11)
  14 komodo dragons
  5 freezing wraiths
  2 rime drakes (Lair:2)
  A meliai (shapeshifter) (Elf:3)
  A polar bear (Lair:1)
  A queen bee (Lair:2)
  9 trolls
  A meliai (Lair:6)
  A merfolk (Lair:3)
  7 slime creatures
  12 blink frogs
  5 dream sheep (Lair:2)
  Sigmund (D:6)
  3 air elementals (Elf:1)
  A yak (shapeshifter) (D:11)
  A shadow (D:12)
  35 yaks
  9 wyverns
  4 steam dragons
  12 basilisks
  3 fire elementals (Elf:1)
  3 vampire mosquitoes (D:12)
  6 wargs
  An acid dragon (D:11)
  17 water moccasins
  2 black bears
  4 hell hounds (Lair:6)
  An ice beast (D:5)
  28 orc warriors
  A centaur (D:3)
  3 boggarts (D:14)
  3 wolves (Lair:2)
  An ogre (Orc:2)
  2 phantoms
  6 kobold brigands (Sewer)
  8 bullfrogs
  2 earth elementals
  2 scorpions (D:5)
  A gnoll sergeant (D:9)
  A water moccasin zombie (D:6)
  An electric eel (Lair:1)
  23 killer bees (Lair:2)
  7 wights
  5 howler monkeys
  3 centaur zombies
  2 bullfrog zombies
  4 hounds
  5 lava snakes (Lair:6)
  A centaur skeleton (D:6)
  23 orc priests
  Crazy Yiuf (D:6)
  5 jellies
  A gnoll shaman (D:6)
  2 bullfrog skeletons
  3 iguanas
  22 orc wizards
  5 hell rats (Lair:3)
  A statue (D:9)
  A killer bee zombie (D:8)
  3 hound skeletons
  2 howler monkey zombies (D:9)
  15 gnolls
  3 river rats
  9 adders
  A white imp (D:6)
  An ufetubus (D:5)
  6 worms (Sewer)
  A dart slug (D:5)
  95 orcs
  12 ball pythons
  8 endoplasms
  5 giant cockroaches
  3 goblins
  15 hobgoblins
  5 jackals
  14 kobolds
  2 quokkas
  4 bats (D:1)
  4 frilled lizards
  11 rats
  A bush (Lair:6)
  A butterfly (Lair:5)
827 creatures vanquished.

Vanquished Creatures (collateral kills)
  A skeletal warrior (D:13)
  2 elephants (Lair:5)
  2 yaks (Lair:2)
  4 foxfires
9 creatures vanquished.

Vanquished Creatures (others)
  5 deep elf knights
  A wizard (D:13)
  A water elemental (Elf:1)
  An air elemental (Elf:1)
  A hog (shapeshifter) (Elf:2)
  A butterfly (D:8)
  1841 foxfires
  34 fungi
  36 plants
1921 creatures vanquished.

Grand Total: 2757 creatures vanquished

Notes
Turn   | Place    | Note
-------+----------+-------------------------------------------
     0 | D:1      | miscthings the Ogre Fire Elementalist began the quest for
                  | the Orb.
     0 | D:1      | Reached XP level 1. HP: 16/16 MP: 3/3
    37 | D:1      | Reached skill level 1 in Conjurations
   393 | D:1      | Reached XP level 2. HP: 24/24 MP: 5/5
   453 | D:1      | Learned a level 2 spell: Scorch
   597 | D:1      | Reached XP level 3. HP: 22/31 MP: 3/6
  1152 | D:2      | Reached XP level 4. HP: 10/39 MP: 1/8
  1875 | D:2      | Learned a level 4 spell: Flame Wave
  2100 | D:3      | Noticed a centaur
  2145 | D:3      | Killed a centaur
  2146 | D:3      | Reached XP level 5. HP: 7/45 MP: 2/10
  2728 | D:3      | Reached XP level 6. HP: 53/53 MP: 2/12
  2876 | D:4      | Found Pyple's Jewellery Shop.
  2954 | D:4      | Found Weicastu's Armour Emporium.
  2954 | D:4      | Found Jonok's Armour Emporium.
  2955 | D:4      | Found Ukunee's Jewellery Emporium.
  2955 | D:4      | Found Naarron's Antique Armour Emporium.
  3467 | D:5      | Entered Level 5 of the Dungeon
  3476 | D:5      | Found an opulent altar of Gozag.
  3584 | D:5      | Found a broken altar of Ashenzari.
  3584 | D:5      | Identified the +1 pair of gloves "Zytuce" {rPois rN++ MP+9
                  | Str-5}
  3611 | D:5      | Reached skill level 5 in Spellcasting
  3611 | D:5      | Reached XP level 7. HP: 59/59 MP: 8/14
  3771 | D:5      | Reached skill level 5 in Fire Magic
  4247 | D:5      | Reached XP level 8. HP: 67/67 MP: 11/17
  4439 | D:5      | Found a staircase to the Ecumenical Temple.
  4445 | Temple   | Entered the Ecumenical Temple
  4752 | D:6      | Reached skill level 5 in Conjurations
  5069 | D:6      | Found a glowing drain.
  5092 | Sewer    | Entered a sewer
  5432 | Sewer    | Reached XP level 9. HP: 57/74 MP: 16/20
  6025 | D:6      | Noticed Sigmund
  6039 | D:6      | Killed Sigmund
  6274 | D:6      | Found a runed translucent door.
  6275 | D:6      | Noticed Crazy Yiuf
  6281 | D:6      | Killed Crazy Yiuf
  6702 | D:5      | Became a worshipper of Ashenzari the Shackled
  6738 | D:7      | Learned a level 3 spell: Conjure Flame
  6742 | D:7      | Learned a level 3 spell: Inner Flame
  7058 | D:7      | Reached skill level 1 in Fighting
  7064 | D:7      | Found a runed translucent door.
  7068 | D:7      | Found a basalt altar of Yredelemnul.
  7272 | D:7      | Identified the +3 buckler of Xader {rCorr}
  7276 | D:7      | Reached skill level 1 in Maces & Flails
  7276 | D:7      | Reached skill level 1 in Evocations
  7584 | D:8      | Reached skill level 2 in Fighting
  7618 | D:8      | Found a white marble altar of Elyvilon.
  7736 | D:8      | Reached * piety under Ashenzari
  7736 | D:8      | Identified a scroll of acquirement
  8096 | D:9      | Noticed a troll
  8107 | D:9      | Killed a troll
  8112 | D:9      | Acquired the amulet of Ukorphuhok {rPois Will+ Regen+
                  | rCorr}
  8302 | D:9      | Found a staircase to the Lair.
  8310 | D:9      | Found an iron altar of Okawaru.
  8361 | D:9      | Noticed a deep elf pyromancer
  8368 | D:9      | Killed a deep elf pyromancer
  8369 | D:9      | Reached skill level 3 in Fighting
  8369 | D:9      | Reached XP level 10. HP: 91/91 MP: 16/22
  8458 | D:9      | Identified the +0 robe "Uwkurytt" {*Corrode Will++ Dex+3}
  8471 | D:9      | Found a snail-covered altar of Cheibriados.
  8471 | D:9      | Found Cheibriados's Comfort Zone.
  8491 | D:9      | Found a radiant altar of Vehumet.
  8774 | D:9      | Found a shimmering blue altar of Sif Muna.
  8816 | D:10     | Entered Level 10 of the Dungeon
  8849 | D:10     | Reached skill level 4 in Fighting
  8893 | D:10     | Noticed Psyche
  8899 | D:10     | Noticed Maurice
  8901 | D:10     | Killed Psyche
  8902 | D:10     | Noticed Maurice
  8902 | D:10     | Maurice changed into Maurice the wyvern
  8916 | D:10     | Killed Maurice the wyvern
  8999 | D:10     | Found Luleg's Book Boutique.
  9084 | D:10     | Noticed Erolcha
  9100 | D:10     | Killed Erolcha
  9101 | D:10     | Reached skill level 5 in Fighting
  9545 | Lair:1   | Entered Level 1 of the Lair of Beasts
  9553 | Lair:1   | Noticed a moth of wrath
  9569 | Lair:1   | Found a transporter.
  9572 | Lair:1   | Noticed HuGe's ghost (novice MiBe)
  9594 | Lair:1   | Noticed a black mamba
  9599 | Lair:1   | Killed a black mamba
  9607 | Lair:1   | Found a transporter.
  9607 | Lair:1   | Noticed a moth of wrath
  9650 | Lair:1   | Reached XP level 11. HP: 105/105 MP: 12/24
  9838 | Lair:1   | Reached skill level 6 in Fighting
 10008 | Lair:1   | Identified Sif Muna's Grimoire of Dusty Translocation
 10009 | Lair:1   | Noticed an oklob plant
 10068 | Lair:1   | Noticed an oklob plant
 10189 | Lair:1   | Noticed an oklob plant
 10190 | Lair:1   | Noticed an oklob plant
 10258 | Lair:1   | Killed an oklob plant
 10259 | Lair:1   | Reached skill level 5 in Dodging
 10289 | Lair:1   | Killed an oklob plant
 10420 | Lair:1   | Killed an oklob plant
 10422 | Lair:1   | Killed an oklob plant
 10682 | Lair:1   | Reached skill level 7 in Fighting
 10683 | Lair:1   | Reached skill level 10 in Spellcasting
 10811 | Lair:2   | Noticed a boulder beetle
 10829 | Lair:2   | Noticed a five-headed hydra
 10978 | Lair:2   | Reached skill level 5 in Maces & Flails
 11000 | Lair:2   | Killed a five-headed hydra
 11005 | Lair:2   | Reached ** piety under Ashenzari
 11104 | Lair:2   | Reached XP level 12. HP: 117/118 MP: 4/26
 11252 | Lair:2   | Reached skill level 5 in Evocations
 11361 | Lair:2   | Reached skill level 8 in Fighting
 11899 | Lair:2   | Reached *** piety under Ashenzari
 12099 | Lair:2   | Killed a boulder beetle
 12356 | Lair:3   | Found a hole to the Spider Nest.
 12383 | Lair:3   | Noticed a death yak
 12399 | Lair:3   | Noticed a death yak
 12399 | Lair:3   | Noticed a death yak
 12422 | Lair:3   | Killed a death yak
 12432 | Lair:2   | Killed a death yak
 12555 | Lair:3   | Found a staircase to the Shoals.
 12561 | Lair:3   | Reached skill level 9 in Fighting
 12995 | Lair:3   | Killed a death yak
 12996 | Lair:3   | Reached skill level 10 in Fire Magic
 13488 | Lair:3   | Noticed Gastronok
 13533 | Lair:3   | Killed Gastronok
 13534 | Lair:3   | Reached XP level 13. HP: 131/131 MP: 14/28
 13712 | Lair:4   | Reached skill level 1 in Shields
 13724 | Lair:3   | Reached **** piety under Ashenzari
 13946 | Lair:4   | Reached skill level 10 in Fighting
 14400 | Lair:5   | Gained mutation: You are frail. (-10% HP) [potion of
                  | mutation]
 14400 | Lair:5   | Gained mutation: Your mind is acute. (Int +2) [potion of
                  | mutation]
 14400 | Lair:5   | Gained mutation: Your movements are slightly less
                  | encumbered by armour. (ER -2) [potion of mutation]
 14401 | Lair:5   | Lost mutation: You are frail. (-10% HP) [potion of
                  | mutation]
 14401 | Lair:5   | Lost mutation: Your mind is acute. (Int +2) [potion of
                  | mutation]
 14401 | Lair:5   | Gained mutation: Your magical capacity is low. (-10% MP)
                  | [potion of mutation]
 14401 | Lair:5   | Gained mutation: Your magical capacity is very low. (-20%
                  | MP) [potion of mutation]
 14401 | Lair:5   | Gained mutation: Your mind is acute. (Int +2) [potion of
                  | mutation]
 14402 | Lair:5   | Lost mutation: Your mind is acute. (Int +2) [potion of
                  | mutation]
 14402 | Lair:5   | Lost mutation: Your magical capacity is very low. (-20% MP)
                  | [potion of mutation]
 14402 | Lair:5   | Gained mutation: You are partially covered in iridescent
                  | scales. (AC +2) [potion of mutation]
 14402 | Lair:5   | Gained mutation: You have hidden genetic potential. [potion
                  | of mutation]
 14402 | Lair:5   | Gained mutation: You tend to lose your temper in combat.
                  | [potion of mutation]
 14402 | Lair:5   | Gained mutation: You are strong-willed. (Will+) [potion of
                  | mutation]
 14662 | Lair:5   | Found a staircase to the Slime Pits.
 15038 | Lair:6   | Entered Level 6 of the Lair of Beasts
 15047 | Lair:6   | Noticed Nessos
 15048 | Lair:6   | Noticed Nessos
 15048 | Lair:6   | Nessos changed into Nessos the meliai
 15054 | Lair:6   | Killed Nessos the meliai
 15141 | Lair:6   | Identified the ring "Poerchaal" {rF- rN+ rCorr Int+4 SInv}
 15592 | Lair:6   | Reached ***** piety under Ashenzari
 15610 | Lair:6   | Reached skill level 11 in Fighting
 15610 | Lair:6   | Reached XP level 14. HP: 104/154 MP: 4/28
 16120 | Lair:6   | Gained mutation: You are agile. (Dex +2) [hidden potential]
 16316 | Lair:6   | Found a large runed translucent door.
 16317 | Lair:6   | Found a large runed translucent door.
 16685 | Lair:1   | Killed HuGe's ghost
 16718 | Lair:1   | Acquired a +0 tower shield of reflection
 16803 | D:11     | Found Zauck's Assorted Antiques.
 16812 | D:11     | Bought a scroll labelled ACZAYV LARAFEIH for 25 gold pieces
 16812 | D:11     | Bought a scroll of teleportation for 75 gold pieces
 16812 | D:11     | Bought a golden potion for 22 gold pieces
 16887 | D:11     | Reached skill level 5 in Shields
 16930 | D:11     | Found a runed translucent gate.
 16931 | D:11     | Found a runed translucent gate.
 16932 | D:11     | Found a runed translucent gate.
 16940 | D:11     | Noticed bronco's ghost (journeyman GrNe)
 17205 | D:11     | Identified the +6 chain mail of Moagishri {rPois rF- Regen+
                  | Dex+7}
 17211 | D:11     | Found a blossoming altar of Fedhas.
 17586 | D:11     | Reached skill level 1 in Throwing
 17644 | D:11     | Killed bronco's ghost
 17645 | D:11     | Reached skill level 12 in Fighting
 17802 | D:12     | Found Xaxyriu's Antique Weapon Shop.
 17881 | D:12     | Found a staircase to the Orcish Mines.
 18019 | D:12     | Found Coem's Jewellery Shop.
 18046 | D:12     | Found Umuer's Antique Weapon Emporium.
 18052 | D:12     | Bought a smoking hand axe for 200 gold pieces
 18052 | D:12     | Identified the +8 hand axe "Sarcophage" {holy, +Blink} (You
                  | bought it in a shop on level 12 of the Dungeon)
 18581 | D:13     | Found a sparkling altar of Nemelex Xobeh.
 18796 | D:13     | Identified the +9 falchion "Hiogg" {elec, Str+6 Int+7}
 18798 | D:13     | Found a gate to the Vaults.
 18854 | D:13     | Found Jael's Distillery.
 18966 | D:13     | Reached XP level 15. HP: 84/165 MP: 11/29
 18981 | D:13     | Reached XP level 16. HP: 120/174 MP: 14/30
 19329 | Orc:1    | Entered Level 1 of the Orcish Mines
 19386 | Orc:1    | Found Taned's Antique Weapon Shop.
 19577 | Orc:2    | Entered Level 2 of the Orcish Mines
 19577 | Orc:2    | Found a staircase to the Elven Halls.
 19655 | Orc:2    | Gained mutation: Your movements are less encumbered by
                  | armour. (ER -4) [hidden potential]
 19655 | Orc:2    | Lost mutation: You have hidden genetic potential. [hidden
                  | potential expressed]
 19814 | Orc:2    | Gained mutation: You are weak. (Str -2) [a neqoxec]
 19958 | Orc:2    | Found Uraffih's General Store.
 19959 | Orc:2    | Found Upugamem's Antique Armour Shoppe.
 19959 | Orc:2    | Found Gefezxai's Jewellery Emporium.
 19960 | Orc:2    | Found Neileism's Antique Weapon Shoppe.
 20129 | Orc:2    | Found a shimmering altar of Xom.
 20308 | Orc:1    | Noticed Fannar
 20321 | Orc:1    | Killed Fannar
 20599 | D:14     | Reached skill level 13 in Fighting
 21097 | D:14     | Found a sacrificial altar of Ru.
 21538 | D:15     | Entered Level 15 of the Dungeon
 21611 | D:15     | Found a staircase to the Depths.
 21715 | D:15     | Acquired 861 gold pieces
 21835 | Orc:2    | Bought the +18 shield of the Gong {rElec rN+ Will+ EV-5}
                  | for 2529 gold pieces
 21835 | Orc:2    | Found the +18 shield of the Gong {rElec rN+ Will+ EV-5}
 21845 | Orc:2    | Reached ****** piety under Ashenzari
 22051 | D:4      | Bought the ring of Gozag's Reproof {rPois rC+ Will+} for
                  | 432 gold pieces
 22233 | Elf:1    | Entered Level 1 of the Elven Halls
 22235 | Elf:1    | Paralysed by an air elemental for 1 turns
 22238 | Elf:1    | Paralysed by an air elemental for 1 turns
 22240 | Elf:1    | Reached skill level 10 in Dodging
 22318 | Elf:1    | Reached skill level 1 in Armour
 22604 | Elf:1    | Reached skill level 14 in Fighting
 22614 | Elf:1    | Learned a level 8 spell: Necromutation
 22624 | Elf:1    | Learned a level 9 spell: Death's Door
 22677 | Elf:1    | Reached XP level 17. HP: 166/193 MP: 23/32
 22810 | Elf:1    | Reached skill level 1 in Transmutations
 22898 | Elf:1    | Paralysed by an air elemental for 1 turns
 22901 | Elf:1    | Paralysed by an air elemental for 1 turns
 22965 | Elf:1    | Reached skill level 1 in Necromancy
 23711 | Elf:1    | Paralysed by an air elemental for 1 turns
 24099 | Elf:2    | Learned a level 5 spell: Borgnjor's Vile Clutch
 24312 | Elf:2    | Reached skill level 1 in Earth Magic
 24360 | Elf:2    | Found a runed translucent gate.
 24360 | Elf:2    | Found a runed translucent gate.
 24594 | Elf:2    | Found a runed translucent gate.
 24722 | Elf:2    | Reached skill level 5 in Necromancy
 25202 | Elf:3    | Entered Level 3 of the Elven Halls
 25276 | Elf:3    | Found a flickering gateway to a bazaar.
 25287 | Elf:3    | Reached XP level 18. HP: 179/205 MP: 20/33
 25288 | Bazaar   | Entered a bazaar
 25301 | Bazaar   | Found Qoish's Jewellery Emporium.
 25301 | Bazaar   | Found Bateah's Assorted Antiques.
 25322 | Bazaar   | Found Meoru's Magic Scroll Shoppe.
 25350 | Bazaar   | Found Zaeshruso's Jewellery Shoppe.
 25410 | Bazaar   | Bought a scroll of teleportation for 51 gold pieces
 25410 | Bazaar   | Bought a scroll of teleportation for 51 gold pieces
 25410 | Bazaar   | Bought a scroll of magic mapping for 59 gold pieces
 25754 | Elf:3    | Reached skill level 10 in Maces & Flails
 25773 | Elf:3    | Noticed a deep elf master archer
 25794 | Elf:3    | Killed a deep elf master archer
 25937 | Elf:3    | Noticed a deep elf master archer
 25946 | Elf:3    | Killed a deep elf master archer
 25953 | Elf:3    | Noticed a deep elf blademaster
 26026 | Elf:3    | Noticed a deep elf master archer
 26116 | Elf:3    | Gained mutation: You do not regenerate when monsters are
                  | visible. [a neqoxec]
 26313 | Elf:3    | Identified the ring of Eternal Night {rF+ SInv}
 26322 | Elf:3    | Identified the amulet "Eqes" {Acrobat Rampage Str+4 SInv}
 26346 | Elf:3    | Killed from afar by a deep elf death mage

Illustrated notes

Levels and vault maps discovered:
D:1:      dpeg_arrival_pits, layout_loops_ring, minmay_misc_feat_chi,
          skrybe_limestone_x
D:2:      layout_loops_ring, roderic_serpentine_path,
          corexii_item_surrounded_by_moat, chequers_avenue, minmay_tall_x
D:3:      layout_basic, minmay_diced_spiral
D:4:      layout_rooms, serial_shops, shop, minmay_misc_feat_cross,
          minmay_misc_feat_diagonals, minmay_shop_grid_forest
D:5:      layout_rooms, overflow_temple_1_default, ashenzari_altar_1,
          minmay_temple_entry_enclosed_plants
D:6:      layout_layer_cave, portal_sewer_entry_d, serial_rivers,
          chequers_serial_rivers_micro_c, chequers_serial_rivers_marsh,
          chequers_serial_rivers_micro_a, chequers_serial_rivers_micro_e,
          chequers_serial_rivers_micro_e, chequers_serial_rivers_micro_c,
          sigmund_army, uniq_crazy_yiuf_cottage
D:7:      layout_cave_pools, dk_yredelemnul_ordeal
D:8:      layout_loops_ring, nicolae_elyvilon_peaceful_grove
D:9:      layout_cave_pools, okawaru_trees_1, vehumet_statue,
          lemuel_blue_sif_altar, lair_entry_dummy, grunt_decor_mini_mirrors,
          minivault_27, minmay_shop_chei, minivault_23, david_defended_altar_orc
D:10:     layout_cave_pools, serial_shops, nicolae_shop_statue_plus,
          uniq_erolcha, uniq_maurice, uniq_psyche
D:11:     minmay_cornered_nines, layout_irregular_city,
          biasface_ghost_orc_armoury, serial_shops, shop, st_stairs_6,
          fedhas_ov_isle_minmay
D:12:     layout_cave_pods, david_orc_2, serial_shops, shop,
          nicolae_diamond_shop, nicolae_shop_trees
D:13:     minmay_wizard_corner, layout_cave_pools, david_vaults_4, serial_shops,
          shop, nemelex_xobeh_ov_fountains_minmay
D:14:     layout_loops_ring, nicolae_ru_sacrificial_ziggurat, drop_trap
D:15:     grunt_enter_depths_giant_problem, layout_irregular_city, minivault_25,
          enter_trove_1, st_stairs_9, hex_medium
Temple:   minmay_freezing_vapour_temple
Lair:1:   minmay_lair_oklob_chamber, layout_long_grid,
          gammafunk_ghost_berserking_beasts, infiniplex_staircase_pool
Lair:2:   regret_index_tunnel_blossom, layout_regular_city, ldierk_geyser
Lair:3:   layout_long_grid, elwin_shoals_entry_stream, dummy_spider_entry,
          serial_bayou_shore_a, uniq_gastronok
Lair:4:   layout_loops_ring, kennysheep_basilisk_garden
Lair:5:   layout_misc_corridors, minmay_slime_entry_pillars, lemuel_fruit_fields
Lair:6:   cheibrodos_lair_end_hotspot, layout_cave_pods, uniq_nessos
Orc:1:    layout_caves, serial_shops, nicolae_shop_stone, basic_altar,
          uniq_fannar
Orc:2:    st_orc_congregation, layout_caves, basic_altar
Elf:1:    eino_elf_arrival_shootout, layout_gridlike,
          minmay_elf_crystal_heptagon, grunt_megastairs_3
Elf:2:    elven_hall_of_blades_hangedman_original
          [nicolae_vaults_blade_armed_guards], layout_loops_corners,
          amcnicky_mini_corridor_feature
Elf:3:    minmay_elf_hall_quartered_circle, layout_gridlike, serial_shops,
          bzr_entry_lakeside

Skill      XL: |  1  2  3  4  5  6  7  8  9 10 11 12 13 14 15 16 17 18 |
---------------+-------------------------------------------------------+-----
Conjurations   | 1 2 3 4 5 6 |  6.1
Fire Magic     | 3 4 5 6 7 8 9 10 11 12 | 12.7
Spellcasting   | 3 4 5 6 7 8 9 10 11 | 11.3
Fighting       | 3 5 7 9 11 12 14 | 14.5
Dodging        | 3 4 5 7 8 9 10 | 10.7
Maces & Flails | 2 3 5 6 7 8 9 12 | 12.4
Evocations     | 2 3 4 6 7 8 9 |  9.6
Shields        | 3 5 8 |  8.5
Throwing       | 2 |  2.7
Armour         | 2 3 |  3.2
Transmutations | 2 |  2.6
Necromancy     | 8 |  8.2
Earth Magic    | 3 |  3.1
Stealth        | |  1.4

Action                   |  1- 3 |  4- 6 |  7- 9 | 10-12 | 13-15 | 16-18 || total
-------------------------+-------+-------+-------+-------+-------+-------++-------
Melee: Spear             |    41 |    47 |    10 |       |       |       ||    98
       Flail             |       |       |     6 |       |       |       ||     6
       Whip              |       |       |     1 |   176 |   638 |  1007 ||  1822
       Eveningstar       |       |       |       |       |       |   172 ||   172
 Cast: Foxfire           |    47 |    91 |   271 |   427 |   205 |    60 ||  1101
       Scorch            |     4 |     4 |    11 |    63 |    73 |   111 ||   266
       Inner Flame       |       |       |     2 |    13 |     6 |     5 ||    26
       Flame Wave        |       |       |     2 |    17 |    50 |    67 ||   136
       Conjure Flame     |       |       |     1 |     3 |       |     2 ||     6
       Borgnjor's Vile C |       |       |       |       |       |    55 ||    55
Invok: Curse Item        |       |       |     2 |     3 |     3 |     2 ||    10
       Shatter the Chain |       |       |     1 |       |       |     2 ||     3
Evoke: Wand              |       |       |     1 |    31 |     6 |     9 ||    47
       Phantom mirror    |       |       |       |       |     1 |       ||     1
  Use: Potion            |       |       |     1 |     1 |     6 |    10 ||    18
       Scroll            |       |       |     1 |     3 |     2 |    16 ||    22
 Stab: Sleeping          |       |       |       |       |     2 |       ||     2
Armor: Robe              |    23 |    36 |    30 |       |       |       ||    89
       Troll leather arm |       |       |     1 |   231 |   338 |   275 ||   845
Dodge: Dodged            |    31 |    53 |    55 |   274 |   441 |   380 ||  1234
Block: Kite shield       |       |       |       |       |       |   936 ||   936

Table legend: (Time is in decaauts)
 A = Elapsed time spent in this place.
 B = Non-inter-level travel time spent in this place.
 C = Inter-level travel time spent in this place.
 D = Time resting spent in this place.
 E = Time spent auto-exploring this place.
 F = Levels seen in this place.
 G = Mean time per level.
                   A        B        C        D        E       F      G
               +--------+--------+--------+--------+--------+-----+--------+
         Total |  25844 |  24078 |   1766 |   3422 |  12462 |  29 |  891.2 |
       Dungeon |  12700 |  11703 |    997 |   1806 |   6566 |  15 |  846.7 |
        Temple |     13 |     13 |      0 |      0 |      0 |   1 |   13.0 |
          Lair |   6994 |   6677 |    317 |   1007 |   3344 |   6 | 1165.7 |
  Orcish Mines |   1306 |   1120 |    186 |    113 |    728 |   2 |  653.0 |
   Elven Halls |   3643 |   3378 |    265 |    274 |   1279 |   3 | 1214.3 |
        Bazaar |    162 |    162 |      0 |      0 |     78 |   1 |  162.0 |
         Sewer |   1023 |   1023 |      0 |    222 |    467 |   1 | 1023.0 |
               +--------+--------+--------+--------+--------+-----+--------+

Top non-repeatable levels by time:
  Lair:2: 1530 daAuts
  Lair:1: 1483 daAuts
     D:6: 1481 daAuts
   Elf:1: 1430 daAuts
  Lair:6: 1401 daAuts
  Lair:3: 1284 daAuts
   Elf:2: 1252 daAuts
   Sewer: 1023 daAuts
     D:2: 1005 daAuts
    D:13: 987 daAuts
    D:11: 986 daAuts
   Elf:3: 960 daAuts
     D:3: 952 daAuts
     D:1: 910 daAuts
     D:4: 886 daAuts
